 Dungeon Crawl Stone Soup version 0.17-a0-1842-gacc33f2 (webtiles) character file.

9324 Verem the Thaumaturge (level 11, 0/54 HPs)
             Began as a Deep Elf Summoner on Sept 15, 2015.
             Was a High Priest of Sif Muna.
             Slain by Rupert
             ... wielding a +2 executioner's axe of distortion
              (21 damage)
             ... on level 3 of the Lair of Beasts on Sept 17, 2015.
             The game lasted 02:18:38 (13058 turns).

Verem the Thaumaturge (Deep Elf Summoner)          Turns: 13058, Time: 02:18:38

Health: 0/54       AC:  7    Str:  5    XL:     11   Next: 21%
Magic:  11/31      EV: 16    Int: 31    God:    Sif Muna [*****.]
Gold:   664        SH:  0    Dex: 15    Spells: 5 memorised, 24 levels left

rFire  x . .     SeeInvis .     K - +7 short sword of Fundamental Breach {pierce, *Noise rElec rPois Int+4}
rCold  + . .     Clarity  .     a - +0 robe
rNeg   . . .     SustAt   .     (no shield)
rPois  +         Gourm    +     C - +1 helmet {Int+3}
rElec  +         Spirit   .     X - +1 cloak
rCorr  .         Warding  .     r - +0 pair of gloves
rMut   .         Stasis   .     (no boots)
MR     +....                    h - amulet of the gourmand
Stlth  +++.......               H - ring of ice
                                Y - +1 ring of evasion

@: marked, very slightly contaminated, somewhat resistant to hostile
enchantments, fairly stealthy
A: no striking features
a: Channel Energy, Forget Spell, Renounce Religion


You were on level 3 of the Lair of Beasts.
You worshipped Sif Muna.
Sif Muna was extremely pleased with you.
You were full.

You visited 3 branches of the dungeon, and saw 14 of its levels.
You also visited: Ice Cave and Volcano.

You collected 664 gold pieces.

Inventory:

Hand weapons
 k - the +1 falchion of the Open Hand {slice, rC+ MR+}
   (You found it on level 7 of the Dungeon)

   It inflicts extra damage upon your enemies.
   It protects you from cold.
   It affects your resistance to hostile enchantments.
 F - the +6 scimitar of Causality {venom, Str+4 Stlth+}
   (You found it on level 7 of the Dungeon)

   It poisons the flesh of those it strikes.
   It affects your strength (+4).
   It makes you more stealthy.
 K - the +7 short sword of Fundamental Breach (weapon) {pierce, *Noise rElec rPois Int+4}
   (You found it on level 4 of the Dungeon)

   It inflicts extra damage upon your enemies.
   It affects your intelligence (+4).
   It insulates you from electricity.
   It protects you from poison.
   It may make noises in combat.
Armour
 a - a +0 robe (worn)
 r - a +0 pair of gloves (worn)
 y - the +0 helmet of Taosah {rC+++ Regen+ Int-4 Dex+2}
   (You found it on level 2 of the Lair of Beasts)

   It affects your intelligence (-4).
   It affects your dexterity (+2).
   It renders you almost immune to cold.
   It increases your rate of regeneration.
 C - a +1 helmet of intelligence (worn)
 T - the +2 leather armour of the Lost Suns {+Fly rPois rC+}
   (You found it on level 1 of the Lair of Beasts)

   It protects you from cold.
   It protects you from poison.
   It lets you fly.
 X - a +1 cloak (worn)
Magical staves
 W - an uncursed staff of cold
Jewellery
 h - an amulet of the gourmand (around neck)
 H - a ring of ice (right hand)
 S - a +3 ring of dexterity
 V - an uncursed amulet of resist corrosion
 Y - a +1 ring of evasion (left hand)
Magical devices
 v - a wand of fire (13)
 P - a wand of teleportation (5)
Scrolls
 n - 7 scrolls of teleportation
 p - 3 scrolls of identify
 t - 5 scrolls of enchant weapon
 u - 8 scrolls of amnesia
 I - 2 scrolls of enchant armour
Potions
 d - a potion of beneficial mutation {unknown}
 e - a potion of ambrosia
 f - 2 potions of invisibility
 i - a potion of berserk rage {unknown}
 l - 4 potions of degeneration
 o - a potion of resistance
 q - a potion of mutation {unknown}
 s - 2 potions of cancellation
 w - a potion of poison {unknown}
 x - a potion of curing
 A - 2 potions of heal wounds {unknown}
 D - 2 potions of might {unknown}
 G - 2 potions of magic {unknown}
 M - 2 potions of brilliance {unknown}
 N - 3 potions of lignification {unknown}
 Q - 2 potions of agility {unknown}
Books
 b - a book of Callings

   Spells                             Type                      Level
   a - Summon Small Mammal            Summoning                    1
   b - Call Imp                       Summoning                    2
   c - Call Canine Familiar           Summoning                    3
   d - Summon Guardian Golem          Hexes/Summoning              3
   e - Summon Lightning Spire         Summoning/Air                4
   f - Summon Ice Beast               Ice/Summoning                4
 z - a book of Maledictions

   Spells                             Type                      Level
   a - Corona                         Hexes                        1
   b - Ensorcelled Hibernation        Hexes/Ice                    2
   c - Confuse                        Hexes                        3
   d - Tukima's Dance                 Hexes                        3
   e - Dazzling Spray                 Conjuration/Hexes            3
Miscellaneous
 m - a fan of gales
 B - a sack of spiders
 Z - a box of beasts
Comestibles
 c - 9 bread rations
 g - 5 beef jerkies
 E - 6 meat rations
 L - 13 fruits
 O - 12 royal jellies
 U - 7 slices of pizza


   Skills:
 + Level 5.6 Dodging
 + Level 5.5 Stealth
 + Level 14.1 Spellcasting
 + Level 12.3 Summonings
 - Level 1.3 Ice Magic
 - Level 1.3 Air Magic
 * Level 5.9 Evocations


You had 24 spell levels left.
You knew the following spells:

 Your Spells              Type           Power        Failure   Level  Hunger
a - Summon Small Mammal   Summ           ####         0%          1    None
b - Call Imp              Summ           #######.     1%          2    None
c - Call Canine Familiar  Summ           #######.     1%          3    None
d - Summon Lightning Spi  Summ/Air       ######..     1%          4    None
e - Summon Ice Beast      Ice/Summ       #######.     1%          4    None


Dungeon Overview and Level Annotations

Branches:
Dungeon (10/15)            Temple (1/1) D:4            Lair (3/8) D:10
    Orc (0/4) D:9
  Swamp: Lair:3-6    Shoals: Lair:3-6     Snake: Lair:3-6    Spider: Lair:3-6

Altars:
Ashenzari
Cheibriados
Dithmenos
Elyvilon
Fedhas
Gozag
Kikubaaqudgha
Makhleb
Nemelex Xobeh
Okawaru
Qazlal
Ru
Sif Muna
Trog
Vehumet
Xom
Yredelemnul
Zin
The Shining One

Shops:
D:5 *

Annotations:
Lair:2 exclusion: 4 oklob plants
Lair:3 Rupert


Message History

As you read the scroll of blinking, it crumbles to dust.
Casting: Summon Ice Beast
Confirm with . or Enter, or press ? or * to list all spells.
Aiming: Summon Lightning Spire
Press: ? - help, Dir - move target cursor An electric hum fills the air.
A giant frog comes into view.
Casting: Summon Lightning Spire
Confirm with . or Enter, or press ? or * to list all spells.
You feel a surge of power! A chill wind blows around you.
Rupert hits your lightning spire with an executioner's axe of distortion!!!
Your lightning spire is destroyed!
Casting: Summon Ice Beast
Confirm with . or Enter, or press ? or * to list all spells.
The wolf barely misses your ice beast. The yak gores your ice beast.
The giant frog hits your ice beast but does no damage.
Your warg is struck by the porcupine's spines.
Your warg bites the porcupine.
Rupert hits you with an executioner's axe of distortion!!
You die...

##................#.#####
#P.....######.#h...#.###
##..§$..### ###.h..#....
#P...§..##.## #..F##....
##...§§.##... #.i†#......
#.......##..# #....###P.P
..#......###P.# #Y..#..#...
..........###..###..YY......
.........F.@##..#...........
.........Y..@S.YhY........%.
............r...Yi..........
..............h.............
............................
..........................(
.....................######
#P#.....##.#.####...# #.....
##.## #....


You could see Rupert (berserk), 2 yaks, a water moccasin, a spriggan, a wolf, a
giant frog, a porcupine, a friendly warg and 2 friendly ice beasts.

Vanquished Creatures
  A porcupine (Lair:1)
  A crimson imp (D:9)
  A jelly (D:10)
  2 orc wizards
  A worker ant (D:9)
  A giant gecko (D:5)
  6 orcs
  5 bats
  A giant cockroach (D:3)
  A hobgoblin (D:1)
  A kobold (D:2)
  3 goblins
  3 jackals
  3 rats (D:3)
30 creatures vanquished.

Vanquished Creatures (collateral kills)
  Erolcha (D:8)
  A hydra (Lair:2)
  A toenail golem (Volcano)
  Joseph (D:7)
  A molten gargoyle (Volcano)
  A gargoyle (D:10)
  6 spiny frogs
  A kobold demonologist (D:9)
  A troll (D:10)
  A komodo dragon (Lair:2)
  A queen bee (D:10)
  Grinder (D:4)
  A human (D:9)
  2 fire elementals (Volcano)
  A hog (D:9)
  2 basilisks (D:10)
  A deep elf mage (D:8)
  23 yaks
  2 hippogriffs
  Menkaure (D:7)
  The ghost of Sychopol the Shield-Bearer, an average GrFi (D:3)
  The ghost of Sychopol the Shield-Bearer, an average GrFi of Nemelex Xobeh (D:4)
  8 porcupines
  2 water moccasins
  3 sky beasts
  Duvessa (D:7)
  13 ice beasts
  4 ogres
  5 crocodiles
  2 phantoms
  2 centaurs
  A wasp (D:9)
  11 big kobolds
  6 giant frogs
  Dowan (D:7)
  3 scorpions
  26 killer bees
  A quasit (D:8)
  A crimson imp (D:8)
  5 hounds
  Crazy Yiuf (D:7)
  11 orc wizards
  A centaur skeleton (D:8)
  5 iguanas
  A jelly (D:9)
  5 worker ants
  10 sheep
  A hound skeleton (D:10)
  3 gnolls (D:3)
  8 adders
  5 river rats (D:10)
  An ooze (D:5)
  An adder zombie (D:5)
  4 worms
  An adder skeleton (D:7)
  6 giant geckos
  24 orcs
  2 bats (D:3)
  11 hobgoblins
  27 jackals
  12 kobolds
  4 quokkas
  3 ball pythons
  A giant cockroach (D:2)
  A giant gecko skeleton (D:5)
  4 giant newts
  7 goblins
  12 rats
  A plant (D:10)
320 creatures vanquished.

Vanquished Creatures (others)
  A bush (D:10)
  A fire vortex (Volcano)
  A fungus (Lair:1)
  8 plants (D:10)
11 creatures vanquished.

Grand Total: 361 creatures vanquished

Notes
Turn   | Place    | Note
--------------------------------------------------------------
     0 | D:1      | Verem the Deep Elf Summoner began the quest for the Orb.
     0 | D:1      | Reached XP level 1. HP: 10/10 MP: 6/6
   493 | D:1      | Reached XP level 2. HP: 13/15 MP: 2/8
   559 | D:1      | Learned a level 2 spell: Call Imp
  1229 | D:2      | Reached XP level 3. HP: 16/19 MP: 8/10
  1234 | D:2      | Learned a level 3 spell: Call Canine Familiar
  1728 | D:2      | Reached skill level 5 in Summonings
  2004 | D:3      | Noticed Sychopol's ghost (average GrFi)
  2475 | D:3      | Reached XP level 4. HP: 24/24 MP: 8/12
  2601 | D:3      | Found a snail-covered altar of Cheibriados.
  3085 | D:3      | Killed Sychopol's ghost
  3085 | D:3      | Reached skill level 5 in Spellcasting
  3085 | D:3      | Reached XP level 5. HP: 12/28 MP: 2/14
  3091 | D:3      | Learned a level 4 spell: Summon Lightning Spire
  3822 | D:4      | Found a staircase to the Ecumenical Temple.
  3846 | Temple   | Entered the Ecumenical Temple
  4027 | D:4      | Found an iron altar of Okawaru.
  4050 | D:4      | Noticed Sychopol's ghost (average GrFi)
  4194 | D:4      | Noticed Grinder
  4196 | D:4      | Paralysed by Grinder for 5 turns
  4215 | D:4      | Killed Grinder
  4215 | D:4      | Reached skill level 1 in Air Magic
  4215 | D:4      | Reached XP level 6. HP: 32/32 MP: 7/16
  4312 | D:4      | Got a shimmering spear
  4315 | D:4      | Identified the cursed +1 spear "Reuxtut" {pierce, rN+} (You found it on level 4 of the Dungeon)
  4499 | D:4      | Got a transparent short sword
  4569 | D:4      | Reached skill level 6 in Summonings
  4791 | D:4      | Killed Sychopol's ghost
  4889 | D:5      | Entered Level 5 of the Dungeon
  4959 | D:5      | Identified the +7 short sword of Fundamental Breach {pierce, *Noise rElec rPois Int+4} (You found it on level 4 of the Dungeon)
  4965 | D:5      | Learned a level 4 spell: Summon Ice Beast
  5483 | D:5      | Found a glowing golden altar of the Shining One.
  5920 | D:5      | Found a glowing silver altar of Zin.
  5925 | D:5      | Found Zin's Purification Station.
  6077 | D:6      | Reached XP level 7. HP: 19/36 MP: 11/19
  6134 | D:6      | Found a shattered altar of Ashenzari.
  6196 | D:6      | Reached skill level 7 in Spellcasting
  6671 | D:7      | Noticed a moth of wrath
  6672 | D:7      | Noticed Menkaure
  6676 | D:7      | Killed Menkaure
  6708 | D:7      | Found a bloodstained altar of Trog.
  6726 | D:7      | Got an ancient falchion
  6799 | D:7      | Found a deep blue altar of Sif Muna.
  6805 | D:7      | Became a worshipper of Sif Muna the Loreminder
  6871 | D:7      | Got a scorched scimitar
  6962 | D:7      | Reached skill level 8 in Spellcasting
  6970 | D:7      | Noticed Dowan
  6982 | D:7      | Killed Dowan
  6996 | D:7      | Noticed Duvessa
  7015 | D:7      | Killed Duvessa
  7050 | D:7      | Noticed Joseph
  7065 | D:7      | Killed Joseph
  7065 | D:7      | Acquired Sif Muna's first power
  7065 | D:7      | Reached XP level 8. HP: 29/41 MP: 11/22
  7126 | D:7      | Noticed Crazy Yiuf
  7130 | D:7      | Killed Crazy Yiuf
  7130 | D:7      | Reached skill level 9 in Spellcasting
  7713 | D:8      | Noticed Erolcha
  7733 | D:8      | Killed Erolcha
  7733 | D:8      | Acquired Sif Muna's second power
  7733 | D:8      | Reached skill level 10 in Spellcasting
  7733 | D:8      | Reached skill level 1 in Ice Magic
  7789 | D:8      | Reached XP level 9. HP: 41/45 MP: 14/25
  7966 | D:8      | Reached skill level 11 in Spellcasting
  8105 | D:8      | Upgraded the game from 0.17-a0-1837-g7c6a762 to 0.17-a0-1842-gacc33f2
  8313 | D:9      | Noticed a kobold demonologist
  8321 | D:9      | Killed a kobold demonologist
  8497 | D:9      | Found a staircase to the Orcish Mines.
  8605 | D:9      | Found a stormy altar of Qazlal.
  8625 | D:9      | Reached skill level 5 in Dodging
  8877 | D:9      | Reached skill level 1 in Evocations
  8881 | D:9      | Found a shadowy altar of Dithmenos.
  9281 | D:9      | Reached skill level 10 in Summonings
  9287 | D:10     | Entered Level 10 of the Dungeon
  9296 | D:10     | Noticed a gargoyle
  9309 | D:10     | Killed a gargoyle
  9346 | D:10     | Identified the +1 falchion of the Open Hand {slice, rC+ MR+} (You found it on level 7 of the Dungeon)
  9347 | D:10     | Identified the +6 scimitar of Causality {venom, Str+4 Stlth+} (You found it on level 7 of the Dungeon)
  9548 | D:10     | Reached skill level 5 in Stealth
  9597 | D:10     | Reached skill level 12 in Spellcasting
  9605 | D:10     | Reached XP level 10. HP: 50/50 MP: 5/28
  9970 | D:10     | Found a staircase to the Lair.
 10163 | Lair:1   | Entered Level 1 of the Lair of Beasts
 10247 | Lair:1   | Acquired Sif Muna's third power
 10247 | Lair:1   | Reached skill level 13 in Spellcasting
 10264 | Lair:1   | Found a dark tunnel.
 10310 | Volcano  | Entered a volcano
 10317 | Volcano  | Noticed a toenail golem
 10325 | Volcano  | Killed a toenail golem
 10508 | Volcano  | Noticed a lindwurm
 11333 | Lair:1   | Reached skill level 5 in Evocations
 11413 | Lair:1   | Got a faintly humming leather armour
 11465 | Lair:1   | Identified the +2 leather armour of the Lost Suns {+Fly rPois rC+} (You found it on level 1 of the Lair of Beasts)
 11677 | Lair:2   | Found a frozen archway.
 11689 | IceCv    | Entered an ice cave
 11761 | IceCv    | Reached XP level 11. HP: 42/54 MP: 3/30
 11884 | IceCv    | Noticed an ice statue
 11884 | IceCv    | Noticed an ice statue
 12168 | Lair:2   | Noticed a four-headed hydra
 12179 | Lair:2   | Killed a four-headed hydra
 12343 | Lair:2   | Reached skill level 14 in Spellcasting
 12634 | Lair:2   | Got a twisted helmet
 12645 | Lair:2   | Identified the cursed +0 helmet of Taosah {rC+++ Regen+ Int-4 Dex+2} (You found it on level 2 of the Lair of Beasts)
 12677 | Lair:2   | Noticed an oklob plant
 12677 | Lair:2   | Noticed an oklob plant
 12677 | Lair:2   | Noticed an oklob plant
 12677 | Lair:2   | Noticed an oklob plant
 12854 | Lair:3   | Noticed Rupert
 12886 | Lair:3   | Paralysed by Rupert for 3 turns
 13058 | Lair:3   | Slain by Rupert

Vault maps used:
D:1:      dpeg_arrival_water_fire, minmay_surrounded
D:2:      kennysheep_six_static_rooms
D:3:      wad_crossroads, old_standard_altar
D:4:      minmay_temple_entry_grid, first_bread, okawaru_trees_1, uniq_grinder
D:5:      nicolae_tso_carved_into_rock, zin_purify
D:6:      basic_altar
D:7:      tgw_trog, led_sif_pool, uniq_joseph, uniq_crazy_yiuf_cottage,
          uniq_menkaure, uniq_duvessa
D:8:      special_room, uniq_erolcha
D:9:      kennysheep_little_box, kennysheep_mini_moat, orc_0_dummy,
          grunt_livestock
D:10:     minmay_lair_entry_grove, special_room, serial_shops, shop,
          nicolae_twisting_strands
Temple:   dpeg_five_rooms_temple_12
Lair:1:   nicolae_volcano_entry_hallway, beast_lair_carwin_3
Lair:2:   dpeg_oklob_gauntlet, portal_ice_cave_entry_pillars_01,
          nicolae_quartered_pool_medium
Lair:3:   grunt_forest_stairs_clearing, uniq_rupert
IceCv:    ice_cave_small_dragons
Volcano:  volcano_aerie

Action                   |  1- 3 |  4- 6 |  7- 9 | 10-12 || total
-------------------------+-------+-------+-------+-------++-------
Melee: Short sword       |    20 |    37 |    15 |     8 ||    80
       Spear             |       |     1 |       |       ||     1
 Cast: Summon Small Mamm |    13 |       |       |       ||    13
       Call Imp          |    23 |    23 |     6 |    12 ||    64
       Call Canine Famil |    13 |    33 |    25 |    24 ||    95
       Summon Lightning  |       |     3 |    15 |    16 ||    34
       Summon Ice Beast  |       |     1 |    30 |    61 ||    92
  Use: Scroll            |       |    11 |     3 |     9 ||    23
       Potion            |       |       |       |     3 ||     3
 Stab: Sleeping          |     4 |     5 |     2 |     4 ||    15
       Distracted        |       |       |     1 |       ||     1
  Eat: Chunk             |    11 |    14 |     6 |    15 ||    46
